Map: Ulrena

Players

Nadow - Winner!

  • Race: Zerg Zerg
  • League: Gold

lesha

  • Race: Terran Terran
  • League: Silver

VOD

Have the link to the VOD?

Description

Time

  • Played on: Jan. 1, 2016, 10:17 a.m.
  • Length: 6:47
Show
View Real Time Build Order
Export as new Build Order

Nadow Zerg - Winner!

Build Orders: Hatch First 

Get SALT Encoding   

  12  0:02  Drone  
  13  0:13  Overlord  
  13  0:20  Drone  
  15  0:35  Drone x2  
  15  0:38  Drone  
  17  0:59  Extractor  
  17  1:00  Hatchery  
  15  1:10  Spawning Pool  
  14  1:17  Drone  
  16  1:25  Drone x2  
  17  1:48  Drone x2  
  19  1:57  Queen  
  19  2:01  Zergling x2  
  22  2:03  Overlord  
  22  2:12  Queen  
  24  2:16  Zergling x2  
  25  2:26  Drone x3  
  28  2:46  Baneling Nest, Drone  
  28  2:47  Drone x3  
  31  2:51  Extractor  
  30  3:02  Overlord  
  30  3:10  Drone x3  
  33  3:20  Overlord  
  33  3:21  Drone x3  
  36  3:27  Metabolic Boost  
  36  3:44  Zergling x4  
  36  3:45  Zergling x6  
  41  3:53  Overlord  
  41  3:54  Overlord  
  41  4:10  Zergling x8  
  41  4:11  Zergling x4  
  41  4:12  Overlord  
  47  4:19  Overlord  
  47  4:42  Zergling x6  
  47  4:43  Zergling x10  
  55  4:50  Baneling x4  
  55  4:54  Zergling x4  
  55  4:55  Zergling x4  
  59  5:00  Baneling x2  
  59  5:01  Baneling x2  
  53  5:32  Zergling x12  
  53  5:33  Zergling x4  
  56  5:38  Baneling  
  56  5:39  Baneling x2  
  54  5:46  Zergling x2  
  54  5:47  Zergling x10  
  56  6:02  Baneling x4  
  56  6:03  Baneling  
  55  6:14  Baneling x3  
  52  6:21  Zergling x4  
  52  6:22  Zergling x12  
  58  6:31  Baneling x3  
Show
View Real Time Build Order
Export as new Build Order

lesha Terran 

Build Orders:  

Get SALT Encoding   

  12  0:01  SCV  
  13  0:13  SCV  
  14  0:18  Supply Depot  
  14  0:25  SCV  
  15  0:40  SCV  
  15  0:41  Barracks  
  16  0:46  Refinery  
  16  0:52  SCV  
  17  1:05  SCV  
  18  1:17  SCV  
  19  1:30  Reaper  
  19  1:31  Orbital Command  
  20  1:45  Supply Depot  
  20  1:48  Barracks  
  20  1:57  SCV  
  21  2:09  SCV, Barracks Reactor  
  22  2:21  SCV  
  23  2:36  SCV  
  24  2:43  Command Center  
  25  2:46  Barracks Reactor  
  25  2:48  SCV  
  25  2:56  Barracks  
  25  3:00  SCV, Factory  
  25  3:01  Refinery  
  26  3:12  SCV  
  27  3:20  Marine x2  
  27  3:26  Marine x2  
  31  3:39  Supply Depot  
  31  3:43  Supply Depot, Engineering Bay  
  31  3:44  Supply Depot  
  31  3:48  Factory Tech Lab  
  31  3:51  Starport  
  31  3:52  Barracks Reactor  
  31  3:53  Barracks Tech Lab  
  31  3:55  SCV, Marine x4  
  36  4:07  SCV  
  37  4:20  Marine x2  
  37  4:21  Marine x2  
  37  4:22  Marauder  
  43  4:30  Medivac  
  45  4:45  Bunker  
  46  4:52  SCV  
  46  4:55  Marine x4  
  46  4:56  Marauder  
  52  5:04  SCV  
  52  5:05  Siege Tank  
  56  5:12  SCV  
  57  5:17  SCV  
  58  5:24  SCV  
  38  5:44  Marine x4  
  38  5:48  Marine  
  28  6:02  Marine x2  
  31  6:06  Marine  
  31  6:17  Marine  
  33  6:20  Marine  
  33  6:24  Marine  
Tags
 
Matchup
TvZ
Add a new tag
Caveats
  • Supply blocks, unpowered buildings, or Contaminate may cause inaccurate times.
  • Supply counts are checked every 10 seconds.